 Dungeon Crawl Stone Soup version 0.29.1-1-gd02db6906a (webtiles) character file.

Game seed: 9155332112904328248

160 MisterFreud the Twirler (level 5, -6/38 HPs)
             Began as a Formicid Gladiator on Oct 22, 2022.
             Mangled by an orc
             ... wielding a +0 dagger of electrocution
              (10 damage)
             ... on level 7 of the Dungeon.
             The game lasted 00:02:22 (2686 turns).

MisterFreud the Twirler (Formicid Gladiator)        Turns: 2686, Time: 00:02:22

Health: -6/38      AC:  4    Str: 20    XL:     5   Next: 69%
Magic:  5/5        EV: 12    Int:  8    God:
Gold:   204        SH:  0    Dex: 15    Spells: 4/4 levels left

rFire   . . .      SeeInvis +   a - +0 quarterstaff
rCold   . . .      Faith    .   (no shield)
rNeg    . . .      Spirit   .   b - +0 leather armour
rPois   .          Reflect  .   (helmet unavailable)
rElec   .          Harm     .   g - +0 cloak
rCorr   .          Rampage  .   (no gloves)
Will    .....                   (no boots)
Stlth   +.........              (no amulet)
HPRegen 0.12/turn               (no ring)
MPRegen 0.09/turn               (no ring)

@: no status effects
A: permanent stasis, dig shafts and tunnels, antennae 3, four strong arms
a: Dig, Shaft Self


You were on level 7 of the Dungeon.
You visited 1 branch of the dungeon, and saw 5 of its levels.

You collected 204 gold pieces.

Inventory:

Hand Weapons
 a - a +0 quarterstaff (weapon)
Missiles
 c - 3 throwing nets (quivered)
 d - a javelin
 h - 5 datura-tipped darts
Armour
 b - a +0 leather armour (worn)
 g - a +0 cloak (worn)
Scrolls
 e - 2 scrolls of identify
Potions
 f - a potion of might
 i - a potion of mutation


   Skills:
 - Level 2.1 Fighting
 + Level 5.9 Staves
 - Level 2.0 Throwing
 - Level 2.6 Dodging


You had 4 spell levels left.
You didn't know any spells.
Your spell library was empty.

Dungeon Overview and Level Annotations

Branches:
Dungeon (3/15)

Altars:

Shops:
D:2 *


Innate Abilities, Weirdness & Mutations

You cannot be hasted, slowed, berserked, paralysed or teleported.
You can dig through walls and to a lower floor.
You have a pair of large antennae on your head. (SInv)
Your four strong arms can wield two-handed weapons with a shield.


Message History

The orc wizard is lightly wounded.
The orc wizard closely misses you.
An orc comes into view.
It is wielding a +0 dagger of electrocution.
You hit the orc wizard but do no damage.
The orc wizard is lightly wounded.
The orc wizard hits you but does no damage.
You barely miss the orc wizard.
The orc wizard is lightly wounded.
The orc wizard hits you with a +0 dagger.
You hit the orc wizard but do no damage.
The orc wizard is lightly wounded.
The orc wizard hits you with a +0 dagger.
You sock the orc wizard!
You kill the orc wizard!
The shadow imp gestures at you.
The orc wizard struggles to resist.
You hit the orc wizard.
The orc wizard is moderately wounded.
The orc wizard barely misses you.
You hit the orc wizard.
The orc wizard is heavily wounded.
The orc wizard hits you with a +0 dagger.
The shadow imp gestures at you.
The orc wizard writhes in agony!
The orc wizard dies!
The orc closely misses you. The shadow imp gestures at you.
Pain shoots through your body!
* * * LOW HITPOINT WARNING * * *
The orc hits you but does no damage.
Items here: ))) [[ †.
You hit the orc.
The orc is lightly wounded.
The orc hits you but does no damage. The orc barely misses you.
The shadow imp hits you.
* * * LOW HITPOINT WARNING * * *
You are too injured to fight recklessly!
The orc attacks as you move away! The orc hits you but does no damage.
You are electrocuted!
You die...

######## .o. {
#......# #{#
#.####.# #.## { #.#
#.# #.. ##.# #.#
#####.#
#...###.####...#.#
..................#
###...########5oo###
##... ##@## ####.
#.# . #.# # #.# #.#
#.# ... #.# ..#


You could see a shadow imp and 2 orcs.

Vanquished Creatures
  An iguana (D:4)
  An orc wizard (D:7)
  4 adders (D:2)
  A dart slug (D:1)
  3 orcs
  7 ball pythons
  6 bats
  5 endoplasms (D:2)
  5 goblins (D:1)
  5 hobgoblins
  A jackal (D:4)
  4 quokkas (D:1)
  8 kobolds (D:1)
  6 rats
57 creatures vanquished.

Vanquished Creatures (others)
  An orc wizard (D:7)
  4 toadstools (D:2)
5 creatures vanquished.

Grand Total: 62 creatures vanquished

Notes
Turn   | Place    | Note
-------+----------+-------------------------------------------
     0 | D:1      | MisterFreud the Formicid Gladiator began the quest for the
                  | Orb.
     0 | D:1      | Reached XP level 1. HP: 16/16 MP: 1/1
    70 | D:1      | Reached XP level 2. HP: 18/22 MP: 2/2
   446 | D:1      | Reached skill level 4 in Staves
   446 | D:1      | Reached XP level 3. HP: 27/27 MP: 3/3
  1415 | D:2      | Reached XP level 4. HP: 33/33 MP: 4/4
  1603 | D:2      | Found Wanuj's General Store.
  1641 | D:2      | Reached skill level 5 in Staves
  1905 | D:3      | Noticed an ogre
  1971 | D:3      | Found the +1 Delatra's gloves {ID++}
  1990 | D:3      | You fall into a shaft and drop 1 floor!
  2240 | D:4      | Reached XP level 5. HP: 14/38 MP: 5/5
  2463 | D:4      | You fall into a shaft and drop 3 floors!
  2686 | D:7      | Mangled by an orc

Illustrated notes

Levels and vault maps discovered:
D:1:      heliophobic_arrival_ceremonial_halls, layout_basic,
          serial_bayou_crossing
D:2:      layout_rooms, serial_shops, shop, minmay_gold_behind_fungi,
          minmay_unequal
D:3:      layout_rooms, minmay_misc_feat_x, pf_guarded_unrand_delatra,
          uniq_crazy_yiuf_cottage
D:4:      layout_basic, grunt_temple_overflow_champion_of_chaos,
          nicolae_overflow_hallway_of_the_gods
D:7:      layout_loops_ring, lemuel_coloured_pillars_altar

Skill      XL: |  1  2  3  4 |
---------------+-------------+-----
Staves         | 4 5 |  5.9
Fighting       | |  2.1
Throwing       | |  2.0
Dodging        | |  2.6

Action                   |  1- 3 |  4- 6 || total
-------------------------+-------+-------++-------
Melee: Quarterstaff      |    70 |    66 ||   136
       Punch             |       |     1 ||     1
 Abil: Shaft Self        |       |     2 ||     2
  Use: Scroll            |     1 |     3 ||     4
 Stab: Sleeping          |     1 |       ||     1
Armor: Leather armour    |    14 |    24 ||    38
Dodge: Dodged            |    40 |    43 ||    83
